ORI
UNIVERSITY OF ALABAMA CRIMSON TIDE @ COASTAL CAROLINA UNIVERSITY CHANTICLEERS
08/01/2049
 
TOP OF THE 1ST
University of Alabama Crimson Tide batting - Pitching for Coastal Carolina University Chanticleers : LHP Rocco Calvocoressi
Pitching: LHP Rocco Calvocoressi
Batting: RHB Danny Rosario 0-0: Foul Ball, location: 2F
0-1: Called Strike
0-2: Ball
1-2: DOUBLE (Groundball, 5L, EV 94.4 MPH)
Batting: RHB B.J. Clark 0-0: Swinging Strike
0-1: Ball
1-1: Ball
2-1: Called Strike
2-2: Foul Ball, location: 2F
2-2: Foul Ball, location: 2F
2-2: Ground out 5-3 (Groundball, 5S, EV 78.8 MPH)
Batting: RHB David Sanchez 0-0: Ball
1-0: Swinging Strike
1-1: Called Strike
1-2: Strikes out looking
Batting: RHB Hughie Withers 0-0: Called Strike
0-1: Ground out 6-3 (Groundball, 6, EV 84.4 MPH)
Top of the 1st over - 0 runs, 1 hit, 0 errors, 1 left on base; University of Alabama 0 - Coastal Carolina University 0
BOTTOM OF THE 1ST
Coastal Carolina University Chanticleers batting - Pitching for University of Alabama Crimson Tide : LHP Alan Sullivan
Pitching: LHP Alan Sullivan
Batting: RHB Rene Napoles 0-0: Ball
1-0: Swinging Strike
1-1: Ball
2-1: Ground out 6-3 (Groundball, 6, EV 91.9 MPH)
Batting: RHB Ling-kung Hsing 0-0: Ball
1-0: Ball
2-0: Ball
3-0: Swinging Strike
3-1: Called Strike
3-2: Strikes out looking
Batting: RHB Tristan Walsh 0-0: Ground out 6-3 (Groundball, 6M, EV 101.2 MPH)
Bottom of the 1st over - 0 runs, 0 hits, 0 errors, 0 left on base; University of Alabama 0 - Coastal Carolina University 0
TOP OF THE 2ND
University of Alabama Crimson Tide batting - Pitching for Coastal Carolina University Chanticleers : LHP Rocco Calvocoressi
Batting: RHB Justin Gray 0-0: Foul Ball, location: 2F
0-1: Fly out, F9 (Flyball, 89S, EV 95.0 MPH)
Batting: LHB Joe Blackwood 0-0: Ball
1-0: Ball
2-0: Foul Ball, location: 2F
2-1: Ball
3-1: Called Strike
3-2: Foul Ball, location: 2F
3-2: Foul Ball, location: 2F
3-2: Strikes out swinging
Batting: RHB Gualtiero Fagnini 0-0: Called Strike
0-1: Swinging Strike
0-2: Strikes out swinging
Top of the 2nd over - 0 runs, 0 hits, 0 errors, 0 left on base; University of Alabama 0 - Coastal Carolina University 0
BOTTOM OF THE 2ND
Coastal Carolina University Chanticleers batting - Pitching for University of Alabama Crimson Tide : LHP Alan Sullivan
Batting: RHB Greg Williams 0-0: Ground out 3-1 (Groundball, 34S, EV 83.8 MPH)
Batting: LHB Justin Sanders 0-0: Ball
1-0: Swinging Strike
1-1: Ball
2-1: Called Strike
2-2: Strikes out swinging
Batting: RHB Kees Vroom 0-0: Ball
1-0: Ball
2-0: Fly out, F8 (Flyball, 8LD, EV 105.0 MPH)
Bottom of the 2nd over - 0 runs, 0 hits, 0 errors, 0 left on base; University of Alabama 0 - Coastal Carolina University 0
TOP OF THE 3RD
University of Alabama Crimson Tide batting - Pitching for Coastal Carolina University Chanticleers : LHP Rocco Calvocoressi
Batting: LHB Alan Sullivan 0-0: Ball
1-0: Swinging Strike
1-1: Ground out 1-3 (Groundball, 15S, EV 65.0 MPH)
Batting: RHB Jong-your Lee 0-0: Foul Ball, location: 2F
0-1: Ball
1-1: Ball
2-1: Swinging Strike
2-2: Strikes out swinging
Batting: RHB Danny Rosario 0-0: Foul Ball, location: 2F
0-1: DOUBLE (Line Drive, 9LS, EV 107.5 MPH)
Batting: RHB B.J. Clark 0-0: Ground out 6-3 (Groundball, 6, EV 91.2 MPH)
Top of the 3rd over - 0 runs, 1 hit, 0 errors, 1 left on base; University of Alabama 0 - Coastal Carolina University 0
BOTTOM OF THE 3RD
Coastal Carolina University Chanticleers batting - Pitching for University of Alabama Crimson Tide : LHP Alan Sullivan
Batting: RHB Tristan Williams 0-0: Bunt missed!
0-1: Fly out, F7 (Flyball, 7S, EV 81.2 MPH)
Batting: SHB Iher Waithaka 0-0: Foul Ball, location: 2F
0-1: Ground out 4-3 (Groundball, 4, EV 103.1 MPH)
Batting: LHB Kevin Lech 0-0: Ball
1-0: Fly out, F7 (Flyball, 7LSF, EV 95.0 MPH)
Bottom of the 3rd over - 0 runs, 0 hits, 0 errors, 0 left on base; University of Alabama 0 - Coastal Carolina University 0
TOP OF THE 4TH
University of Alabama Crimson Tide batting - Pitching for Coastal Carolina University Chanticleers : LHP Rocco Calvocoressi
Batting: RHB David Sanchez 0-0: Foul Ball, location: 2F
0-1: Ball
1-1: Ball
2-1: Foul Ball, location: 2F
2-2: Strikes out swinging
Batting: RHB Hughie Withers 0-0: Called Strike
0-1: Foul Ball, location: 2F
0-2: Strikes out looking
Batting: RHB Justin Gray 0-0: Ball
1-0: Ball
2-0: Called Strike
2-1: Fly out, F8 (Line Drive, 8LD, EV 101.9 MPH)
Top of the 4th over - 0 runs, 0 hits, 0 errors, 0 left on base; University of Alabama 0 - Coastal Carolina University 0
BOTTOM OF THE 4TH
Coastal Carolina University Chanticleers batting - Pitching for University of Alabama Crimson Tide : LHP Alan Sullivan
Batting: RHB Rene Napoles 0-0: Ball
1-0: Ball
2-0: Ground out 5-3 (Groundball, 56, EV 89.4 MPH)
Batting: RHB Ling-kung Hsing 0-0: Fly out, F8 (Flyball, 78M, EV 75.6 MPH)
Batting: RHB Tristan Walsh 0-0: Foul Ball, location: 2F
0-1: Foul Ball, location: 2F
0-2: Foul Ball, location: 2F
0-2: Ball
1-2: Fly out, F4 (Popup, 34, EV 71.9 MPH)
Bottom of the 4th over - 0 runs, 0 hits, 0 errors, 0 left on base; University of Alabama 0 - Coastal Carolina University 0
TOP OF THE 5TH
University of Alabama Crimson Tide batting - Pitching for Coastal Carolina University Chanticleers : LHP Rocco Calvocoressi
Now at SS: Ferri Casteleijn
Batting: LHB Joe Blackwood 0-0: Called Strike
0-1: Swinging Strike
0-2: Strikes out swinging
Batting: RHB Gualtiero Fagnini 0-0: Ball
1-0: Called Strike
1-1: Ball
2-1: Ground out 3-1 (Groundball, 34, EV 85.6 MPH)
Batting: LHB Alan Sullivan 0-0: Foul Ball, location: 2F
0-1: Swinging Strike
0-2: Foul Ball, location: 2F
0-2: Strikes out swinging
Top of the 5th over - 0 runs, 0 hits, 0 errors, 0 left on base; University of Alabama 0 - Coastal Carolina University 0
BOTTOM OF THE 5TH
Coastal Carolina University Chanticleers batting - Pitching for University of Alabama Crimson Tide : LHP Alan Sullivan
Now at C: Larry Brown
Now at 1B: Onorato Zacagnini
Now in LF: Matt Barkley
Now in CF: B.J. Clark
Now in RF: John Hicken
Batting: RHB Greg Williams 0-0: Called Strike
0-1: Fly out, F9 (Flyball, 89D, EV 100.0 MPH)
Batting: LHB Justin Sanders 0-0: Called Strike
0-1: Ball
1-1: Ball
2-1: Foul Ball, location: 2F
2-2: Strikes out swinging
Batting: RHB Kees Vroom 0-0: Ball
1-0: Ball
2-0: Called Strike
2-1: SINGLE (Groundball, 6MD, EV 98.8 MPH)
Batting: RHB Tristan Williams 0-0: Ball
1-0: Foul Ball, location: 2F
1-1: SINGLE (Flyball, 4MD, EV 90.0 MPH)
Kees Vroom to second
Batting: SHB Iher Waithaka 0-0: Called Strike
0-1: SINGLE (Groundball, 56S, EV 71.2 MPH) (infield hit)
Kees Vroom to third
Tristan Williams to second
Batting: LHB Kevin Lech 0-0: Called Strike
0-1: Fly out, F4 (Popup, 34D, EV 50.6 MPH)
Bottom of the 5th over - 0 runs, 3 hits, 0 errors, 3 left on base; University of Alabama 0 - Coastal Carolina University 0
TOP OF THE 6TH
University of Alabama Crimson Tide batting - Pitching for Coastal Carolina University Chanticleers : LHP Rocco Calvocoressi
Pitching: RHP Pedro Magdaleno
Now at C: Jeremy Stockwell
Now in RF: Chris McDaniel
Pinch Hitting: RHB Danny Jaramillo 0-0: Swinging Strike
0-1: Ball
1-1: Called Strike
1-2: Foul Ball, location: 2F
1-2: Ball
2-2: Foul Ball, location: 2F
2-2: Foul Ball, location: 2F
2-2: Ball
3-2: Strikes out swinging
Pinch Hitting: SHB Mike Bidwell 0-0: Ball
1-0: Ball
2-0: Foul Ball, location: 2F
2-1: Swinging Strike
2-2: Foul Ball, location: 2F
2-2: Foul Ball, location: 2F
2-2: Strikes out swinging
Pinch Hitting: LHB Platon Protopsaltis 0-0: Ball
1-0: Swinging Strike
1-1: Swinging Strike
1-2: Strikes out swinging
Top of the 6th over - 0 runs, 0 hits, 0 errors, 0 left on base; University of Alabama 0 - Coastal Carolina University 0
BOTTOM OF THE 6TH
Coastal Carolina University Chanticleers batting - Pitching for University of Alabama Crimson Tide : LHP Alan Sullivan
Now at 2B: Rodrik Gardner
Now at 3B: Fernando Reyes
Now at SS: Platon Protopsaltis
Now in CF: John Hicken
Now in RF: Andrew Robison
Batting: RHB Ferri Casteleijn 0-0: Ball
1-0: Foul Ball, location: 2F
1-1: Called Strike
1-2: Strikes out swinging
Pinch Hitting: RHB Mark Tart 0-0: Ball
1-0: Foul Ball, location: 2F
1-1: Foul Ball, location: 2F
1-2: Foul Ball, location: 2F
1-2: Ball
2-2: Ground out 6-3 (Groundball, 6, EV 90.6 MPH)
Batting: RHB Pedro Delgado 0-0: Called Strike
0-1: Swinging Strike
0-2: Ball
1-2: Ground out 1-3 (Groundball, 13, EV 73.1 MPH)
Bottom of the 6th over - 0 runs, 0 hits, 0 errors, 0 left on base; University of Alabama 0 - Coastal Carolina University 0
TOP OF THE 7TH
University of Alabama Crimson Tide batting - Pitching for Coastal Carolina University Chanticleers : RHP Pedro Magdaleno
Pitching: RHP Eric Dunkerley
Now at 2B: Mike Grogan
Now at 3B: Tim Kirby
Batting: LHB Matt Barkley 0-0: Ground out 4-3 (Groundball, 4, EV 85.0 MPH)
Batting: SHB Andrew Robison 0-0: Ball
1-0: SINGLE (Groundball, 13, EV 83.8 MPH) (infield hit)
Batting: RHB Onorato Zacagnini 0-0: Called Strike
0-1: Ball
1-1: Ball
2-1: Foul Ball, location: 2F
2-2: Strikes out swinging
Batting: RHB John Hicken 0-0: Ball
Andrew Robison steals 2nd base
1-0: Fly out, F7 (Flyball, 7, EV 94.4 MPH)
Top of the 7th over - 0 runs, 1 hit, 0 errors, 1 left on base; University of Alabama 0 - Coastal Carolina University 0
BOTTOM OF THE 7TH
Coastal Carolina University Chanticleers batting - Pitching for University of Alabama Crimson Tide : LHP Alan Sullivan
Pitching: RHP Dave Bellah
Batting: RHB Chris McDaniel 0-0: Ball
1-0: Swinging Strike
1-1: Swinging Strike
1-2: Ball
2-2: Foul Ball, location: 2F
2-2: Ground out 5-3 (Groundball, 56, EV 79.4 MPH)
Batting: LHB Jeremy Stockwell 0-0: Called Strike
0-1: Ball
1-1: Ground out 4-3 (Groundball, 4, EV 84.4 MPH)
Pinch Hitting: RHB Gabe Bravo 0-0: Swinging Strike
0-1: Fly out, F8 (Line Drive, 8LM, EV 96.2 MPH)
Bottom of the 7th over - 0 runs, 0 hits, 0 errors, 0 left on base; University of Alabama 0 - Coastal Carolina University 0
TOP OF THE 8TH
University of Alabama Crimson Tide batting - Pitching for Coastal Carolina University Chanticleers : RHP Eric Dunkerley
Now at 1B: Nate Kokx
Pinch Hitting: LHB Adam Antico 0-0: Called Strike
0-1: Fly out, F4 (Popup, 4MD, EV 72.5 MPH)
Batting: RHB Al Lara 0-0: Called Strike
0-1: Ball
1-1: Foul Ball, location: 2F
1-2: Ball
2-2: Ball
3-2: Strikes out looking
Batting: RHB Fernando Reyes 0-0: Ball
1-0: Ball
2-0: Called Strike
2-1: Swinging Strike
2-2: Strikes out swinging
Top of the 8th over - 0 runs, 0 hits, 0 errors, 0 left on base; University of Alabama 0 - Coastal Carolina University 0
BOTTOM OF THE 8TH
Coastal Carolina University Chanticleers batting - Pitching for University of Alabama Crimson Tide : RHP Dave Bellah
Now at C: Xiao-yan Wie
Pinch Hitting: LHB Cheol-chung Joe 0-0: Ball
1-0: Foul Ball, location: 2F
1-1: Swinging Strike
1-2: SINGLE (Groundball, 4D, EV 99.4 MPH)
Batting: SHB Iher Waithaka 0-0: Sac Bunt to 3S - play at first, batter OUT! 3-1
Cheol-chung Joe to second
Batting: RHB Mike Grogan 0-0: Ball
1-0: Fly out, F9 (Flyball, 89M, EV 90.6 MPH)
Batting: RHB Ferri Casteleijn 0-0: Swinging Strike
0-1: Swinging Strike
0-2: Ball
1-2: Ball
2-2: Strikes out swinging
Bottom of the 8th over - 0 runs, 1 hit, 0 errors, 1 left on base; University of Alabama 0 - Coastal Carolina University 0
TOP OF THE 9TH
University of Alabama Crimson Tide batting - Pitching for Coastal Carolina University Chanticleers : RHP Eric Dunkerley
Pitching: LHP David Medina
Now in LF: Milo Karadzic
Batting: RHB Rodrik Gardner 0-0: Called Strike
0-1: Fly out, F5 (Popup, 5SF, EV 74.4 MPH)
Batting: LHB Platon Protopsaltis 0-0: SOLO HOME RUN (Line Drive, 89XD, EV 108.1 MPH) (Inside the Park)
Batting: LHB Matt Barkley 0-0: Foul Ball, location: 2F
0-1: Foul Ball, location: 2F
0-2: Strikes out swinging
Batting: SHB Andrew Robison 0-0: Ground out 5-3 (Groundball, 5, EV 99.4 MPH)
Top of the 9th over - 1 run, 1 hit, 0 errors, 0 left on base; University of Alabama 1 - Coastal Carolina University 0
BOTTOM OF THE 9TH
Coastal Carolina University Chanticleers batting - Pitching for University of Alabama Crimson Tide : RHP Dave Bellah
Pitching: LHP Hirofumi Aoki
Pinch Hitting: RHB Dennis Margolis 0-0: SINGLE (Groundball, 56, EV 102.5 MPH)
Batting: RHB Pedro Delgado 0-0: Grounds into double play, 4-6-3 (Groundball, 4, EV 81.2 MPH)
Batting: RHB Chris McDaniel 0-0: Swinging Strike
0-1: Foul Ball, location: 2F
0-2: Ball
1-2: Strikes out swinging
Bottom of the 9th over - 0 runs, 1 hit, 0 errors, 0 left on base; University of Alabama 1 - Coastal Carolina University 0
Sunday, July 16th , 2023 - OOTP Baseball 24.6 Build 69